 Dungeon Crawl Stone Soup version 0.22.1-1-ga44c0e5 (webtiles) character file.

6447 dvd the Cleaver (level 10, 0/93 HPs)
             Began as an Ogre Fighter on Oct 22, 2018.
             Was a Follower of Hepliaklqana.
             Slain by a basilisk (shapeshifter) (4 damage)
             ... on level 9 of the Dungeon.
             The game lasted 00:29:30 (10058 turns).

dvd the Cleaver (Ogre Fighter)                     Turns: 10058, Time: 00:29:31

Health: 0/93       AC:  9    Str: 22    XL:     10   Next: 99%
Magic:  0/15       EV:  1    Int:  9    God:    Hepliaklqana [*.....]
Gold:   396        SH:  0    Dex: 11    Spells: 9/9 levels left

rFire    . . .     SeeInvis .   a - +4 war axe
rCold    + . .     Gourm    .   H - +2 shield
rNeg     + + +     Faith    .   l - +4 moon troll leather armour {Spirit, Regen++ MP+5}
rPois    ∞         Spirit   +   (helmet restricted)
rElec    .         Reflect  .   (no cloak)
rCorr    .         Harm     .   (gloves unavailable)
MR       +....                  (boots unavailable)
Stlth    ++........             w - amulet of regeneration
HPRegen  1.45/turn              v - ring of protection from cold
MPRegen  0.14/turn              (no ring)

@: petrified
A: large, unfitting armour, reduced essence, tough skin 1
a: Recall Ancestor, Ancestor Identity, Renounce Religion


You were on level 9 of the Dungeon.
You worshipped Hepliaklqana.
Hepliaklqana was aware of your devotion.
You were not hungry.

You visited 2 branches of the dungeon, and saw 10 of its levels.

You collected 484 gold pieces.
You spent 88 gold pieces at shops.

Inventory:

Hand Weapons
 a - a +4 war axe (weapon)
 e - a +1 dagger of speed
 k - a +4 whip
 p - a +1 scimitar of flaming
 I - a +1 dagger of electrocution
 K - a +2 whip of freezing
Missiles
 n - a tomahawk of returning
 C - 19 tomahawks
 G - a javelin (quivered)
Armour
 l - the +4 moon troll leather armour (worn) {Spirit, Regen++ MP+5}
   (You found it on level 4 of the Dungeon)

   It affects your magic capacity (+5).
   It increases your rate of regeneration.
 H - a +2 shield (worn)
Jewellery
 v - a ring of protection from cold (left hand)
 w - an amulet of regeneration (around neck)
Wands
 t - a wand of paralysis (13)
 y - a wand of polymorph (6)
 z - a wand of flame (43)
 A - a wand of clouds (12)
Scrolls
 b - 4 scrolls of amnesia
 c - a scroll of remove curse
 h - 2 scrolls of fear
 m - 4 scrolls of teleportation
 q - 6 scrolls of identify
 D - 2 scrolls of enchant weapon
Potions
 d - 3 potions of might
 g - 4 potions of brilliance {unknown}
 i - 3 potions of curing
 j - a potion of berserk rage {unknown}
 o - a potion of flight {unknown}
 r - a potion of haste {unknown}
 s - a potion of magic {unknown}
 u - 5 potions of degeneration {unknown}
 x - a potion of agility {unknown}
 B - a potion of cancellation {unknown}
 E - 3 potions of heal wounds
 M - a potion of mutation {unknown}
Comestibles
 f - 22 rations


   Skills:
 + Level 8.1 Fighting
 + Level 9.4(10.1) Axes
 + Level 5.2(7.7) Maces & Flails
 + Level 3.1 Throwing
 + Level 3.4 Armour
 + Level 5.5 Dodging
 + Level 2.0 Stealth
 + Level 7.0 Shields


You had 9 spell levels left.
You didn't know any spells.
Your spell library contained the following spells:

 Spells                   Type           Power        Failure   Level  Hunger
 Animate Skeleton         Necr           N/A          56%         1    ##.....
 Apportation              Tloc           #.....       56%         1    ##.....
 Confusing Touch          Hex            #.....       56%         1    ##.....
 Freeze                   Ice            #...         56%         1    ##.....
 Summon Small Mammal      Summ           #...         56%         1    ##.....
 Call Imp                 Summ           #.......     71%         2    ###....
 Throw Frost              Conj/Ice       #.....       71%         2    ###....
 Call Canine Familiar     Summ           #.......     91%         3    ####...
 Ozocubu's Armour         Chrm/Ice       #.......     91%         3    ####...
 Summon Guardian Golem    Hex/Summ       #.......     91%         3    ####...
 Summon Ice Beast         Ice/Summ       #.......     100%        4    #####..
 Summon Lightning Spire   Summ/Air       #.......     100%        4    #####..
 Throw Icicle             Conj/Ice       #.......     100%        4    #####..
 Bolt of Magma            Conj/Fire/Erth #.........   100%        5    ######.
 Iskenderun's Battlesphe  Conj/Chrm      #.......     100%        5    ######.
 Venom Bolt               Conj/Pois      #.........   100%        5    ######.
 Iron Shot                Conj/Erth      #.........   100%        6    #######
 Orb of Destruction       Conj           #.........   100%        7    #######
 Spellforged Servitor     Conj/Summ      #.........   100%        7    #######


Dungeon Overview and Level Annotations

Branches:
Dungeon (9/15)             Temple (1/1) D:7            Lair (0/6) D:8
    Orc: D:9-12

Altars:
Ashenzari
Cheibriados
Dithmenos
Elyvilon
Fedhas
Gozag
Hepliaklqana
Kikubaaqudgha
Makhleb
Nemelex Xobeh
Okawaru
Qazlal
Ru
Sif Muna
Trog
Uskayaw
Vehumet
Wu Jian
Xom
Yredelemnul
Zin
The Shining One

Shops:
D:4 (   D:7 :!**


Innate Abilities, Weirdness & Mutations

You are too large for most types of armour.
You have tough skin. (AC +1)
Your life essence is reduced to manifest your ancestor. (-10% HP)


Message History

The basilisk bites you!
* * * LOW HITPOINT WARNING * * *
The troll bites you. The troll claws you.
* * * LOW HITPOINT WARNING * * *
The troll claws you.
* * * LOW HITPOINT WARNING * * *
The basilisk bites you but does no damage.
The troll bites you but does no damage. The troll claws you but does no damage.
The basilisk gazes at you. The troll bites you but does no damage.
The troll claws you.
* * * LOW HITPOINT WARNING * * *
The troll claws you.
* * * LOW HITPOINT WARNING * * *
The basilisk gazes at you. The troll bites you!
* * * LOW HITPOINT WARNING * * *
The troll claws you.
* * * LOW HITPOINT WARNING * * *
The troll claws you but does no damage. The basilisk bites you!
You die...

###+###.#..#..# ####....÷..##..R
......#.#..#..#... ###......#..#
......#.#..#..#... ##.....#...
......#.#..#..#..# #.....##..
......#.#..#..#..# ##.....#..
......#.#..#†.#..# #.....##.
......#.#..#).#..# #......##
..[...#.#..#..#†T#####..##.......
......#.#.....#.@l...... #.......
......#.#.....'......... #.......
......#.##################.######
......'.......)..................
###...#.......)).................
..#####.....######...............
............# #....#######....
............# #....# #....
............# #....# #..##


You could see a troll and a basilisk shaped shifter.

Vanquished Creatures
  Erica (D:9)
  2 hornets
  Prince Ribbit (D:8)
  A slime creature (D:9)
  2 yaks (D:9)
  An acid dragon (D:9)
  2 sky beasts
  A hornet zombie (D:8)
  An orc warrior (D:9)
  An ice beast (D:9)
  An eye of draining (D:9)
  An ogre (D:6)
  4 phantoms
  3 centaurs
  3 big kobolds
  6 bullfrogs
  2 scorpions
  2 howler monkeys
  7 wights
  3 crimson imps
  3 bullfrog zombies
  A hound (D:9)
  2 jellies (D:8)
  2 bullfrog skeletons
  An orc priest (D:4)
  A centaur skeleton (D:9)
  13 orc wizards
  5 iguanas
  9 worker ants
  A hound skeleton (D:9)
  Robin (D:4)
  15 adders
  2 gnolls
  A shadow imp (D:5)
  An ooze (D:3)
  An adder skeleton (D:8)
  4 worms
  6 dart slugs
  5 leopard geckos
  19 orcs
  7 bats
  8 giant cockroaches
  26 goblins
  12 hobgoblins
  17 jackals
  3 quokkas
  3 frilled lizards (D:2)
  A jackal skeleton (D:5)
  20 kobolds
  A leopard gecko zombie (D:7)
  13 rats
249 creatures vanquished.

Vanquished Creatures (collateral kills)
  A yak (D:9)
  A hungry ghost (D:9)
  An ice beast (D:9)
  A black bear (D:8)
  A centaur (D:8)
  A crocodile (D:9)
  A big kobold (D:9)
  A scorpion (D:9)
  2 wights (D:9)
  A quasit (D:9)
  An iguana (D:9)
  2 adders
  4 kobolds
18 creatures vanquished.

Vanquished Creatures (others)
  2 ancestors (D:9)
2 creatures vanquished.

Grand Total: 269 creatures vanquished

Notes
Turn   | Place    | Note
-------+----------+-------------------------------------------
     0 | D:1      | dvd the Ogre Fighter began the quest for the Orb.
     0 | D:1      | Reached XP level 1. HP: 24/24 MP: 1/1
   345 | D:1      | Reached XP level 2. HP: 32/32 MP: 2/2
   535 | D:1      | Reached XP level 3. HP: 23/40 MP: 3/3
  1017 | D:1      | Reached skill level 3 in Axes
  1463 | D:1      | Reached XP level 4. HP: 39/49 MP: 4/4
  2529 | D:2      | Reached XP level 5. HP: 51/55 MP: 5/5
  3911 | D:3      | Reached skill level 1 in Maces & Flails
  4050 | D:3      | Reached skill level 5 in Fighting
  4153 | D:3      | Reached skill level 1 in Throwing
  4998 | D:4      | Reached XP level 6. HP: 62/66 MP: 6/6
  5027 | D:4      | Found Egryin's Weapon Shoppe.
  5028 | D:4      | Found the +4 moon troll leather armour {Spirit, Regen++
                  | MP+5}
  5229 | D:4      | Found an opulent altar of Gozag.
  5248 | D:4      | Noticed a phantom
  5297 | D:4      | Killed a phantom
  5528 | D:4      | Noticed Robin
  5538 | D:4      | Killed Robin
  5678 | D:5      | Entered Level 5 of the Dungeon
  5686 | D:4      | Reached skill level 1 in Armour
  5718 | D:4      | Reached skill level 1 in Stealth
  5718 | D:4      | Reached XP level 7. HP: 72/72 MP: 7/7
  5838 | D:5      | Found a white marble altar of Elyvilon.
  6500 | D:5      | Reached XP level 8. HP: 64/83 MP: 8/8
  7097 | D:6      | Found a sacrificial altar of Ru.
  7334 | D:6      | Found a burning altar of Makhleb.
  7337 | D:6      | Found a shattered altar of Ashenzari.
  7337 | D:6      | Found a blossoming altar of Fedhas.
  7344 | D:6      | Found a stormy altar of Qazlal.
  7361 | D:6      | Reached skill level 4 in Axes
  7460 | D:7      | Found Goabbuem's Assorted Antiques.
  7584 | D:7      | Reached skill level 5 in Shields
  7662 | D:7      | Found a staircase to the Ecumenical Temple.
  7663 | D:7      | Noticed a hornet
  7667 | D:7      | Paralysed by a hornet for 3 turns
  7673 | D:7      | Paralysed by a hornet for 3 turns
  7686 | D:7      | Killed a hornet
  7686 | D:7      | Reached XP level 9. HP: 58/92 MP: 8/9
  7690 | Temple   | Entered the Ecumenical Temple
  7751 | Temple   | Became a worshipper of Hepliaklqana the Forgotten
  7918 | D:7      | Found Qyuhuonist's Distillery.
  7935 | D:7      | Bought a potion of curing for 33 gold pieces
  7935 | D:7      | Bought a potion of heal wounds for 55 gold pieces
  7985 | D:7      | Found Roelead's Book Shop.
  8224 | D:7      | Reached skill level 5 in Axes
  8286 | D:7      | Found Vyxtaigi's Assorted Antiques.
  8379 | D:8      | Reached skill level 5 in Maces & Flails
  8388 | D:8      | Noticed Prince Ribbit
  8400 | D:8      | Killed Prince Ribbit
  8424 | D:8      | Found a staircase to the Lair.
  8614 | D:8      | Reached skill level 6 in Axes
  8757 | D:8      | Reached skill level 5 in Dodging
  8975 | D:8      | Reached * piety under Hepliaklqana
  9005 | D:8      | Reached skill level 7 in Axes
  9274 | D:9      | Reached XP level 10. HP: 84/90 MP: 10/10
  9323 | D:9      | Noticed Erica
  9506 | D:9      | Killed Erica
  9506 | D:9      | Reached skill level 8 in Axes
  9549 | D:9      | Paralysed by a hornet for 1 turns
  9719 | D:9      | Reached skill level 9 in Axes
 10058 | D:9      | HP: 4/93 [troll (2)]
 10058 | D:9      | Slain by a basilisk (shapeshifter)

Skill      XL: |  1  2  3  4  5  6  7  8  9 10 |
---------------+-------------------------------+-----
Shields        | 3 4 5 6 7 |  7.0
Axes           | 3 4 7 9 |  9.4
Dodging        | 3 4 5 |  5.5
Maces & Flails | 1 2 3 4 5 |  5.2
Fighting       | 5 6 8 |  8.1
Throwing       | 1 2 3 |  3.1
Armour         | 1 2 3 |  3.4
Stealth        | 1 2 |  2.0

Action                   |  1- 3 |  4- 6 |  7- 9 | 10-12 || total
-------------------------+-------+-------+-------+-------++-------
Melee: War axe           |    52 |    24 |   160 |   129 ||   365
       Whip              |    54 |   362 |   270 |       ||   686
Throw: Javelin           |     1 |    48 |    26 |     6 ||    81
       Tomahawk          |       |     4 |    18 |     1 ||    23
Invok: Ancestor Identity |       |       |       |     1 ||     1
Evoke: Wand              |       |       |     1 |       ||     1
  Use: Scroll            |     3 |     6 |     4 |     1 ||    14
       Potion            |       |     1 |     1 |       ||     2
 Stab: Sleeping          |     1 |     2 |     1 |     1 ||     5
       Distracted        |       |       |     1 |     2 ||     3
  Eat: Chunk             |     2 |    14 |    12 |     4 ||    32
Armor: Robe              |    12 |    59 |       |       ||    71
       Troll leather arm |       |    45 |   152 |    57 ||   254
Dodge: Dodged            |    33 |   148 |   118 |    51 ||   350
Block: Shield            |    46 |   195 |   219 |    96 ||   556
